Map: Snowbound Colony

Players

irvinz

  • Race: Zerg Zerg
  • League: Gold
  • Spawn Location: 1:00

rod

  • Race: Terran Terran
  • Spawn Location: 12:00

DarkTemplar - Winner!

  • Race: Protoss Protoss
  • League: Silver
  • Spawn Location: 7:00

Nagle - Winner!

  • Race: Zerg Zerg
  • League: Silver
  • Spawn Location: 7:00

fortes - Winner!

  • Race: Zerg Zerg
  • Spawn Location: 6:00

VOD

Have the link to the VOD?

Description

Time

  • Played on: Aug. 31, 2018, 6:32 p.m.
  • Length: 15:44
Show
View Real Time Build Order
Export as new Build Order

irvinz Zerg 

Build Orders: Hatch First 

Get SALT Encoding   

  12  0:01  Drone  
  13  0:09  Drone  
  14  0:36  Hatchery  
  14  0:39  Drone  
  14  0:46  Overlord  
  14  1:05  Drone x3  
  17  1:15  Spawning Pool  
  16  1:19  Extractor  
  16  1:23  Drone  
  16  1:49  Drone  
  17  2:02  Zergling x2, Drone  
  17  2:03  Zergling x4, Drone  
  17  2:06  Queen  
  24  2:11  Queen  
  26  2:16  Drone  
  27  2:26  Drone  
  27  2:28  Overlord  
  28  2:36  Metabolic Boost  
  28  2:46  Drone x4  
  28  2:48  Drone  
  33  2:53  Overlord  
  33  2:58  Drone  
  34  3:09  Drone x2  
  36  3:16  Drone x4  
  40  3:20  Drone  
  40  3:21  Drone x2  
  43  3:28  Drone  
  43  3:31  Overlord  
  44  3:43  Extractor  
  44  3:44  Overlord, Drone  
  44  3:49  Queen  
  44  3:51  Zergling x2  
  44  3:52  Drone x3  
  44  3:53  Zergling x2, Drone  
  52  3:56  Overlord x2  
  52  4:07  Drone x2  
  51  4:12  Drone  
  51  4:15  Drone  
  53  4:23  Drone  
  54  4:24  Hatchery  
  54  4:27  Drone x5  
  54  4:29  Drone x2  
  60  4:40  Zergling x4  
  62  4:48  Zergling x4  
  63  4:53  Extractor, Hatchery  
  63  4:55  Extractor  
  63  4:56  Drone x3  
  63  4:57  Spine Crawler  
  63  4:59  Drone  
  62  5:00  Queen, Drone x2, Evolution Chamber  
  62  5:01  Evolution Chamber  
  62  5:06  Zergling x2  
  65  5:13  Zergling x4  
  67  5:23  Drone x2  
  69  5:32  Zerg Melee Weapons Level 1  
  69  5:33  Zerg Ground Armor Level 1  
  69  5:34  Lair, Drone x2  
  69  5:35  Drone  
  72  5:40  Drone x2  
  70  5:44  Extractor, Drone  
  70  5:48  Extractor, Drone  
  70  5:49  Baneling Nest  
  69  5:52  Queen  
  69  5:57  Zergling x6  
  73  6:04  Zergling x12  
  76  6:05  Zergling x4  
  76  6:11  Zergling x4  
  83  6:16  Zergling x2  
  85  6:21  Zergling x4  
  85  6:24  Spore Crawler  
  85  6:28  Zergling x2  
  85  6:32  Drone  
  87  6:33  Overlord  
  87  6:34  Overlord x2  
  87  6:39  Baneling x4  
  87  6:40  Baneling x6  
  87  6:52  Roach Warren  
  76  7:10  Zergling x6  
  76  7:11  Zergling x4  
  76  7:13  Drone x4  
  84  7:23  Drone x2  
  84  7:24  Drone x3  
  84  7:25  Drone x3  
  84  7:26  Drone  
  94  7:30  Drone x2  
  94  7:31  Drone  
  96  7:37  Drone x2  
  96  7:38  Drone  
  96  7:42  Hatchery  
  96  7:43  Baneling  
  96  7:44  Baneling x10  
  98  7:45  Zerg Ground Armor Level 2, Drone x2, Baneling, Zerg Melee Weapons Level 2  
  98  7:47  Drone x3  
  98  7:48  Queen  
  105  7:57  Drone x3  
  108  8:00  Drone x3  
  111  8:14  Spine Crawler x3  
  111  8:15  Extractor, Roach x2, Spore Crawler  
  111  8:19  Extractor  
  109  8:23  Hydralisk Den  
  108  8:28  Roach  
  108  8:29  Zergling x2  
  108  8:31  Overlord  
  108  8:32  Overlord  
  111  8:34  Glial Reconstitution  
  95  8:49  Roach x2, Hatchery  
  95  8:50  Roach x4  
  95  8:52  Roach x3  
  111  8:56  Roach  
  111  8:57  Roach x3  
  111  8:59  Roach  
  111  9:00  Roach x4  
  129  9:19  Grooved Spines  
  129  9:20  Infestation Pit, Lurker Den  
  126  9:34  Roach  
  126  9:35  Roach x2, Hydralisk  
  134  9:39  Hydralisk  
  134  9:45  Spore Crawler  
  133  9:47  Spore Crawler x2  
  133  9:48  Hydralisk  
  133  9:49  Spore Crawler  
  132  9:55  Hydralisk  
  132  9:56  Overlord x3  
  132  9:57  Overlord x2  
  132  9:59  Hive  
  134  10:00  Pneumatized Carapace  
  134  10:01  Hydralisk  
  134  10:03  Hydralisk x2  
  124  10:22  Hydralisk  
  124  10:23  Roach x2, Hydralisk x7  
  124  10:24  Roach x5, Hydralisk x3  
  124  10:25  Roach x3, Hydralisk  
  124  10:26  Hydralisk x3  
  124  10:27  Roach x3  
  178  10:32  Zerg Missile Weapons Level 1  
  178  10:33  Muscular Augments  
  178  10:36  Roach  
  178  10:39  Pathogen Glands  
  178  10:42  Lurker Den  
  179  10:47  Spine Crawler x2  
  179  10:49  Spore Crawler  
  176  10:53  Hydralisk  
  176  10:54  Roach  
  180  11:00  Hydralisk  
  177  11:08  Overlord x2  
  177  11:11  Lurker x3  
  177  11:13  Overlord x3  
  180  11:25  Roach  
  180  11:27  Overlord x2  
  180  11:37  Roach x4  
  154  11:56  Hydralisk x4  
  154  11:57  Roach x5, Hydralisk x3  
  154  11:58  Roach x3  
  170  12:03  Roach, Hydralisk  
  162  12:09  Hydralisk  
  162  12:10  Roach x2  
  162  12:14  Roach  
  157  12:17  Roach  
  157  12:19  Roach  
  153  12:33  Roach x3  
  153  12:45  Zergling x2, Roach x3, Swarm Host x2  
  153  12:48  Zergling x4  
  162  13:02  Roach x2  
  162  13:03  Roach  
  168  13:05  Hydralisk  
  168  13:06  Roach x2, Hydralisk  
  173  13:22  Drone  
  173  13:23  Roach, Drone x3  
  173  13:24  Roach x2, Drone  
  182  13:27  Roach  
  182  13:45  Roach  
  182  13:46  Roach  
  132  14:04  Roach  
  132  14:05  Roach x4, Hydralisk x2  
  132  14:06  Roach x4  
  143  14:13  Roach  
Show
View Real Time Build Order
Export as new Build Order

rod Terran 

Build Orders: MMM Bio 

Get SALT Encoding   

  12  0:04  SCV  
  13  0:16  SCV  
  14  0:28  Supply Depot  
  14  0:32  SCV  
  14  0:34  Refinery  
  15  0:49  SCV  
  16  0:56  Supply Depot  
  16  1:01  SCV  
  16  1:03  Barracks  
  17  1:13  SCV  
  18  1:48  SCV  
  18  1:51  Marine  
  20  1:57  Engineering Bay  
  20  2:00  SCV, Refinery  
  21  2:09  Barracks Tech Lab  
  21  2:37  Orbital Command  
  21  2:47  Command Center, Marine  
  21  2:48  Combat Shields  
  22  3:05  Marine  
  23  3:07  Terran Infantry Weapons Level 1  
  23  3:23  Marine  
  23  3:40  Marine  
  23  3:41  SCV  
  25  3:58  Marine  
  26  4:08  Stimpack  
  26  4:16  Marine  
  27  4:21  Engineering Bay  
  27  4:30  Factory  
  27  4:33  SCV  
  27  4:34  Marine  
  27  4:37  Refinery  
  29  4:45  SCV  
  30  4:52  Marine  
  31  5:04  SCV  
  32  5:10  Marine  
  33  5:18  Terran Infantry Armor Level 1  
  33  5:24  Armory  
  33  5:27  Marine  
  33  5:31  Orbital Command  
  28  5:45  Marine  
  29  6:03  Marine  
  22  6:33  Marine  
  21  6:42  Starport  
  21  6:50  Marine  
  20  7:08  Marine  
  20  7:11  Terran Infantry Weapons Level 2  
  20  7:12  Supply Depot  
  21  7:18  Supply Depot  
  21  7:23  SCV  
  21  7:26  Marine  
  23  7:35  Supply Depot  
  23  7:44  Marine  
  23  7:46  SCV  
  25  7:59  SCV, Supply Depot  
  26  8:10  Command Center  
  26  8:17  Missile Turret  
  26  8:21  Supply Depot  
  26  8:22  Terran Infantry Armor Level 2  
  26  8:25  Viking  
  28  8:41  Supply Depot  
  28  8:57  Marine  
  28  8:58  Bunker  
  29  9:04  Supply Depot  
  29  9:06  Terran Vehicle Weapons Level 1  
  29  9:15  Marine  
  30  9:26  Supply Depot  
  30  9:33  Marine  
  31  9:48  Supply Depot  
  31  9:51  Marine  
  32  9:53  SCV  
  33  10:05  SCV  
  33  10:06  Medivac  
  36  10:08  Marine  
  36  10:12  Supply Depot  
  37  10:15  Terran Infantry Weapons Level 3  
  37  10:17  SCV  
  37  10:18  SCV  
  39  10:30  SCV x2  
  41  11:00  Terran Vehicle And Ship Armor Level 1  
  41  11:01  SCV  
  42  11:09  Marine  
  43  11:13  SCV  
  44  11:21  Supply Depot  
  45  11:25  SCV  
  45  11:27  Marine  
  46  11:36  Sensor Tower  
  46  11:45  Marine, Supply Depot  
  33  11:51  Terran Infantry Armor Level 3  
  30  11:57  Cyclone  
  33  12:03  Marine  
  33  12:07  Supply Depot  
  32  12:21  Marine  
  33  12:26  Planetary Fortress  
  33  12:29  Widow Mine  
  35  12:36  Refinery  
  35  12:38  Marine  
  36  12:52  Hi-Sec Auto Tracking  
  36  12:56  Marine  
  37  12:59  Barracks  
  37  13:01  Terran Vehicle Weapons Level 2  
  37  13:05  Medivac  
  39  13:14  Marine  
  40  13:32  Marine  
  41  13:47  Barracks  
  41  13:50  Marine  
  40  14:05  Command Center  
  40  14:07  Marine  
  35  14:20  Marine  
  34  14:25  Marine  
  35  14:38  Marine x2  
  35  14:43  Marine  
  36  14:47  Bunker  
  34  14:53  Bunker  
  34  14:56  Bunker, Marine x2  
  36  15:01  Marine  
  37  15:14  Marine x2  
  37  15:19  Marine  
Show
View Real Time Build Order
Export as new Build Order

DarkTemplar Protoss - Winner!

Build Orders:  

Get SALT Encoding   

  12  0:01  Probe  
  13  0:13  Probe  
  14  0:22  Pylon  
  14  0:31  Probe  
  15  0:43  Probe  
  15  0:44  Gateway  
  16  0:50  Assimilator  
  16  0:56  Probe  
  17  1:08  Probe, Pylon  
  18  1:20  Probe  
  19  1:32  Probe  
  20  1:35  Cybernetics Core  
  20  1:38  Assimilator  
  20  1:44  Probe  
  21  1:56  Probe  
  22  2:03  Warp Gate  
  22  2:07  Nexus  
  22  2:08  Probe  
  23  2:20  Probe  
  24  2:25  Robotics Facility  
  24  2:32  Probe  
  24  2:34  Zealot  
  27  2:55  Forge  
  27  2:57  Probe  
  28  3:06  Gateway  
  28  3:17  Probe  
  29  3:24  Probe  
  30  3:29  Probe  
  30  3:30  Pylon  
  30  3:33  Pylon  
  31  3:37  Probe  
  31  3:39  Immortal  
  31  3:41  Probe  
  31  3:46  Assimilator  
  32  3:49  Probe  
  37  3:59  Photon Cannon  
  37  4:10  Probe x2  
  39  4:22  Probe x2  
  41  4:25  Robotics Bay  
  41  4:28  Pylon  
  41  4:30  Probe  
  41  4:34  Protoss Ground Weapons Level 1, Stalker, Probe  
  45  4:39  Warp Prism  
  45  4:43  Probe  
  45  4:46  Probe  
  49  4:55  Probe  
  49  4:59  Probe  
  51  5:07  Probe  
  51  5:08  Extended Thermal Lance  
  51  5:11  Probe  
  51  5:13  Gateway  
  53  5:15  Pylon  
  53  5:19  Gateway  
  53  5:24  Assimilator  
  53  5:27  Stalker  
  55  5:39  Probe x2  
  57  5:51  Probe x2  
  57  5:53  Nexus  
  57  5:56  Pylon  
  59  5:59  Pylon  
  59  6:11  Probe x2  
  61  6:23  Probe  
  60  6:39  Probe x2  
  62  6:48  Gateway  
  62  6:49  Gateway  
  62  6:53  Pylon  
  62  6:56  Pylon  
  62  6:59  Gateway  
  62  7:01  Colossus, Pylon  
  62  7:07  Pylon  
  62  7:10  Protoss Ground Armor Level 1  
  62  7:11  Pylon  
  68  7:17  Robotics Facility  
  68  7:23  Stargate, Pylon  
  68  7:26  Probe x2  
  68  7:28  Pylon  
  70  7:30  Pylon  
  70  7:33  Pylon  
  70  8:11  Colossus x2  
  82  8:23  Photon Cannon  
  82  8:27  Photon Cannon  
  82  8:30  Probe x2  
  82  8:32  Photon Cannon  
  82  8:34  Stalker x2  
  86  8:35  Stargate, Stalker x2  
  86  8:36  Stalker  
  86  8:37  Stargate  
  86  8:38  Stalker x2  
  98  8:51  Twilight Council  
  98  9:02  Colossus  
  98  9:04  Zealot x2  
  98  9:05  Zealot x2  
  98  9:06  Zealot  
  98  9:07  Zealot  
  116  9:11  Assimilator  
  116  9:16  Assimilator  
  116  9:18  Phoenix x2  
  116  9:23  Nexus  
  120  9:43  Phoenix, Colossus  
  120  9:45  Protoss Ground Weapons Level 2  
  122  9:47  Pylon  
  122  9:48  Colossus  
  122  9:50  Phoenix  
  122  9:51  Phoenix, Pylon  
  138  10:13  Pylon  
  138  10:16  Pylon  
  138  10:26  Void Ray x2  
  138  10:28  Void Ray  
  150  10:35  Probe  
  150  10:36  Probe  
  150  10:41  Probe x2  
  150  10:42  Observer  
  155  10:43  Assimilator  
  155  10:47  Assimilator  
  155  10:49  Pylon  
  155  10:53  Pylon  
  155  10:57  Pylon  
  155  11:00  Pylon  
  155  11:07  Gateway  
  155  11:09  Phoenix x2  
  155  11:11  Phoenix  
  161  11:13  Probe x3  
  161  11:14  Probe  
  165  11:23  Photon Cannon  
  165  11:26  Photon Cannon  
  165  11:30  Photon Cannon  
  165  11:32  Photon Cannon  
  155  11:47  Colossus  
  155  11:53  Colossus  
  142  12:17  Stalker x2  
  142  12:20  Stalker x2  
  142  12:22  Stalker x2  
  150  12:23  Stalker  
  152  12:30  Protoss Ground Weapons Level 3  
  152  12:32  Void Ray  
  152  12:34  Colossus  
  152  12:42  Colossus  
  164  13:06  Phoenix x2  
  168  13:15  Phoenix  
  168  13:19  Colossus  
  170  13:20  Observer Gravitic Boosters  
  170  13:31  Observer  
  176  13:35  Zealot  
  176  13:36  Zealot x2  
  176  13:37  Zealot x2  
  176  13:38  Zealot x3  
  193  13:44  Charge  
  193  13:52  Observer  
  193  13:53  Nexus  
  186  13:56  Pylon  
  186  13:59  Pylon  
  147  14:17  Gravitic Drive  
  144  14:54  Stalker x2  
  144  14:55  Stalker  
  144  14:56  Stalker x2  
  144  14:57  Stalker x2  
  144  14:58  Stalker  
Show
View Real Time Build Order
Export as new Build Order

Nagle Zerg - Winner!

Build Orders: Hatch First 

Get SALT Encoding   

  12  0:01  Drone  
  14  0:14  Drone  
  14  0:17  Extractor  
  14  0:18  Drone  
  15  0:23  Overlord  
  15  0:55  Drone  
  16  1:00  Hatchery  
  15  1:07  Spawning Pool  
  15  1:10  Drone  
  15  1:17  Drone  
  16  1:24  Drone  
  17  1:26  Drone  
  17  1:30  Extractor  
  17  2:01  Drone  
  17  2:02  Drone x2  
  20  2:19  Queen  
  20  2:21  Queen  
  24  2:29  Zergling x8  
  27  2:54  Drone x2, Spine Crawler  
  27  2:57  Overlord x2  
  28  3:21  Drone x5  
  28  3:26  Extractor  
  32  3:32  Baneling Nest  
  31  3:48  Drone x4  
  33  3:49  Overlord, Drone  
  33  3:54  Metabolic Boost  
  36  4:00  Evolution Chamber  
  35  4:04  Evolution Chamber  
  34  4:17  Drone  
  34  4:18  Overlord, Drone x4  
  34  4:19  Spine Crawler  
  34  4:20  Drone  
  34  4:21  Drone x2  
  41  4:26  Zerg Melee Weapons Level 1  
  41  4:28  Zergling x6  
  44  4:46  Zergling x6  
  44  4:47  Zergling x2  
  47  5:05  Zergling x8  
  51  5:07  Overlord x3  
  51  5:11  Zerg Ground Armor Level 1  
  51  5:17  Roach Warren  
  50  5:25  Extractor  
  50  5:26  Extractor  
  48  5:40  Zergling x10  
  48  5:41  Zergling x6  
  55  5:57  Drone x2  
  55  6:03  Baneling x5  
  55  6:04  Baneling x7  
  57  6:05  Baneling x4  
  57  6:06  Zergling x8  
  61  6:33  Lair  
  41  7:09  Zergling x14  
  41  7:10  Zergling x12  
  49  7:19  Roach x3  
  55  7:27  Zergling x8  
  59  7:40  Drone  
  59  7:41  Drone  
  61  7:51  Hatchery  
  60  7:54  Drone  
  60  7:55  Drone x3  
  64  8:05  Baneling x7  
  64  8:06  Baneling x2  
  64  8:09  Centrifical Hooks  
  64  8:16  Zerg Melee Weapons Level 2  
  64  8:20  Zerg Ground Armor Level 2  
  64  8:34  Roach x3  
  64  8:35  Overlord x4, Roach x3  
  57  8:59  Zergling x2  
  57  9:00  Zergling x14  
  65  9:18  Queen  
  65  9:20  Drone x2  
  65  9:22  Drone x3  
  65  9:23  Drone  
  73  9:31  Zergling x4  
  75  9:44  Roach x4  
  83  9:50  Baneling x5  
  83  9:51  Baneling x7  
  83  9:55  Drone  
  84  10:17  Roach x4  
  84  10:18  Roach x4  
  97  10:28  Zergling x4  
  97  10:29  Zergling x4  
  97  10:32  Drone  
  101  10:46  Hydralisk Den  
  98  11:02  Zergling x6  
  98  11:03  Zergling x14  
  98  11:04  Zergling x2  
  106  11:12  Drone  
  106  11:13  Drone x2  
  91  12:03  Zergling x2  
  91  12:04  Zergling x16  
  91  12:05  Zergling x12  
  82  12:15  Drone  
  69  12:34  Infestation Pit  
  54  12:45  Hydralisk x6  
  54  12:46  Hydralisk x4  
  74  12:53  Zerg Missile Weapons Level 1  
  74  13:02  Extractor  
  74  13:04  Extractor  
  72  13:08  Glial Reconstitution  
  72  13:18  Roach x4  
  72  13:19  Roach x5  
  90  13:20  Hatchery  
  89  13:31  Grooved Spines  
  89  13:36  Hydralisk x3  
  89  13:37  Hydralisk  
  89  13:38  Roach x5  
  89  13:39  Roach  
  109  13:44  Lurker Den  
  108  13:53  Roach x3  
  108  13:55  Overlord x2  
  114  14:09  Overlord x3  
  114  14:10  Overlord x2  
Show
View Real Time Build Order
Export as new Build Order

fortes Zerg - Winner!

Build Orders: Hatch First 

Get SALT Encoding   

  12  0:03  Drone  
  13  0:13  Overlord  
  13  0:18  Drone  
  14  0:32  Drone  
  14  0:33  Drone  
  16  0:59  Drone x2  
  16  1:00  Hatchery  
  16  1:01  Drone  
  18  1:16  Drone  
  19  1:21  Drone  
  20  1:32  Spawning Pool  
  19  1:33  Drone  
  20  1:40  Extractor  
  20  1:44  Drone  
  20  2:02  Drone  
  21  2:14  Drone x2  
  23  2:17  Hatchery, Drone  
  23  2:23  Drone  
  23  2:25  Queen  
  23  2:26  Drone  
  27  2:33  Extractor  
  26  2:38  Drone x2  
  28  2:45  Overlord  
  25  3:12  Drone x5  
  30  3:17  Drone  
  31  3:29  Drone  
  31  3:30  Drone  
  31  3:32  Spine Crawler  
  32  3:35  Spine Crawler  
  32  3:38  Drone  
  32  3:41  Metabolic Boost  
  32  3:49  Drone x2  
  32  3:52  Hatchery  
  32  3:54  Drone  
  34  4:01  Drone x3  
  37  4:06  Drone  
  37  4:07  Drone x2  
  40  4:15  Extractor  
  39  4:18  Lair  
  39  4:31  Drone x3  
  39  4:33  Overlord x2  
  39  4:37  Spine Crawler  
  41  4:40  Drone  
  41  4:42  Overlord  
  39  5:11  Queen  
  41  5:16  Drone x3  
  41  5:18  Drone  
  41  5:19  Drone x5  
  50  5:38  Drone  
  50  5:39  Drone x5  
  56  5:55  Drone x5  
  61  6:11  Hydralisk Den  
  61  6:13  Hatchery  
  61  6:14  Drone  
  61  6:15  Overlord, Drone x4  
  61  6:17  Spire  
  63  6:44  Queen  
  66  6:47  Drone  
  66  6:48  Drone x2  
  66  6:49  Drone x6  
  66  6:50  Drone x2  
  66  6:53  Drone  
  77  7:17  Drone  
  77  7:18  Drone x2  
  77  7:20  Overlord x4  
  77  7:21  Extractor  
  79  7:26  Queen  
  79  7:27  Extractor  
  79  7:28  Extractor  
  79  7:33  Grooved Spines  
  79  7:38  Mutalisk x5  
  79  7:39  Mutalisk  
  79  7:42  Zergling x2  
  79  7:43  Zergling x10  
  97  7:46  Zergling x2  
  97  7:47  Zergling x2  
  99  7:54  Drone x4  
  99  7:55  Drone x3  
  106  8:01  Queen  
  108  8:11  Drone x2  
  110  8:35  Zergling x2  
  110  8:36  Zergling x14  
  110  8:37  Overlord x3  
  110  8:38  Overlord  
  118  8:44  Muscular Augments  
  118  8:48  Extractor, Overlord  
  118  8:49  Overlord x2  
  117  8:55  Spine Crawler  
  117  8:58  Spine Crawler  
  117  9:00  Extractor  
  114  9:22  Hatchery  
  89  9:40  Zergling x12  
  89  9:41  Zergling x20  
  101  9:57  Mutalisk  
  101  9:58  Mutalisk x4  
  111  10:11  Zerg Flyer Weapons Level 1  
  111  10:14  Hydralisk  
  111  10:15  Hydralisk x9  
  131  10:37  Drone x3  
  131  10:38  Zergling x2  
  131  10:39  Zergling x24  
  147  10:50  Drone  
  147  10:51  Drone x5  
  132  11:06  Zergling x2  
  132  11:07  Zergling x18  
  130  11:22  Drone x5  
  130  11:23  Drone x3  
  111  11:40  Spine Crawler  
  111  11:43  Spine Crawler  
  110  11:47  Drone x2, Spine Crawler  
  110  12:05  Zerg Flyer Armor Level 1  
  110  12:17  Drone x3  
  110  12:21  Hydralisk x12  
  110  12:22  Hydralisk x10  
  157  12:42  Hatchery  
  156  12:47  Hatchery  
  156  12:51  Extractor x2  
  154  12:57  Hatchery  
  152  13:07  Hydralisk x10  
  152  13:08  Hydralisk x4  
  152  13:09  Overlord x4  
  178  13:20  Zergling x4  
  155  13:48  Zergling x4  
  134  14:01  Zergling x2  
  134  14:02  Zergling x32  
  142  14:11  Zergling x2  
  142  14:12  Zergling x2  
  135  14:40  Zergling x2  
  135  14:41  Zergling x34  
Tags
 
Add a new tag
Caveats
  • Supply blocks, unpowered buildings, or Contaminate may cause inaccurate times.
  • Supply counts are checked every 10 seconds.